 Dungeon Crawl Stone Soup version 0.21.1-1-g345015fe64 (webtiles) character file.

93 PikkenKukken the Sneak (level 4, -4/21 HPs)
             Began as a Spriggan Enchanter on June 9, 2018.
             Slain by hofbold's ghost (14 damage)
             ... on level 3 of the Dungeon.
             The game lasted 00:12:57 (3888 turns).

PikkenKukken the Sneak (Spriggan Enchanter)         Turns: 3888, Time: 00:13:01

Health: -4/21      AC:  3    Str:  4 (5)  XL:     4   Next: 36%
Magic:  9/9        EV: 20    Int: 13 (16) God:
Gold:   133        SH:  0    Dex: 21 (22) Spells: 3/9 levels left

rFire    . . .     SeeInvis +   i - +0 short sword (venom)
rCold    . . .     Gourm    .   (shield restricted)
rNeg     . . .     Faith    .   b - +1 robe
rPois    .         Spirit   .   (helmet restricted)
rElec    .         Reflect  .   (no cloak)
rCorr    .         Harm     .   (gloves unavailable)
MR       .....                  (boots unavailable)
Stlth    ++++......             (no amulet)
HPRegen  0.07/turn              k - +1 ring of evasion
MPRegen  0.11/turn              g - +6 ring of dexterity

@: very quick
A: very small, unfitting armour, see invisible, herbivore, speed 3, slow
metabolism 2
a: no special abilities


You were on level 3 of the Dungeon.
You were not hungry.

You visited 1 branch of the dungeon, and saw 3 of its levels.

You collected 133 gold pieces.

Inventory:

Hand Weapons
 a - a +1 dagger
 i - a +0 short sword of venom (weapon)
Armour
 b - a +1 robe (worn)
Jewellery
 e - an uncursed ring of positive energy
 g - a +6 ring of dexterity (right hand)
 k - a +1 ring of evasion (left hand)
Scrolls
 j - a scroll of remove curse
 l - a scroll of enchant weapon {unknown}
Potions
 f - 3 potions of curing
 h - 3 potions of heal wounds
Books
 c - a book of Maledictions

   Spells                             Type                      Level
   a - Corona                         Hexes                        1
   b - Ensorcelled Hibernation        Hexes/Ice                    2
   c - Confuse                        Hexes                        3
   d - Tukima's Dance                 Hexes                        3
   e - Dazzling Spray                 Conjuration/Hexes            3
Comestibles
 d - 2 rations


   Skills:
 + Level 0.2 Fighting
 + Level 1.6 Short Blades
 + Level 3.3 Dodging
 + Level 6.2 Stealth
 + Level 3.1 Spellcasting
 + Level 4.3 Hexes
 * Level 0.3 Ice Magic


You had 3 spell levels left.
You knew the following spells:

 Your Spells              Type           Power        Failure   Level  Hunger
a - Corona                Hex            ##.....      3%          1    #......
b - Ensorcelled Hibernat  Hex/Ice        #.....       13%         2    ##.....
c - Confuse               Hex            ##......     11%         3    ###....


Dungeon Overview and Level Annotations

Branches:
Dungeon (3/15)

Altars:
Qazlal
Zin

Annotations:
D:3 hofbold's ghost, novice MfGl


Innate Abilities, Weirdness & Mutations

You are very small and have problems with some larger weapons.
You are too small for most types of armour.
You have supernaturally acute eyesight. (SInv)
You are a herbivore.
You cover ground extremely quickly.
You need consume almost no food.


Message History

Confirm with . or Enter, or press ? or * to list all spells.
Aiming: Confuse
Press: ? - help, Shift-Dir - straight line, f/p - hofbold's ghost
Aim: hofbold's ghost (chance to defeat MR: 23%) Hofbold's ghost resists with almost no effort.
Casting: Confuse
Confirm with . or Enter, or press ? or * to list all spells.
You don't have enough magic to cast that spell.
There is a stone staircase leading up here.
You climb upwards.
There is a stone staircase leading down here.
You start resting.
Magic restored.
You climb downwards.
Level annotation: hofbold's ghost, novice MfGl Hofbold's ghost hits you!
Ouch! That really hurt!
Hofbold's ghost hits you!
Ouch! That really hurt!
You die...

#.# #.# #.#
#.####)#####.#
#.#....(.....#
##........###†####.#
...#.#....###......#
##..#..(......######
#####.###....###.# #
#.......W.)......#
#.##........@.####..#
#.....?......# #..#
##...........# #..#
#.#........#...# #..#
#.......###...## .#
#####...###.....
..%...#.......###
######.####.### #. .#


You could see hofbold's ghost.

Vanquished Creatures
  An adder (D:2)
  An ooze (D:3)
  3 dart slugs
  2 leopard geckos
  5 orcs
  A giant cockroach (D:2)
  10 goblins
  8 hobgoblins
  5 jackals (D:1)
  8 kobolds
  8 bats
  3 frilled lizards
  A gnoll zombie (D:3)
  4 rats
60 creatures vanquished.

Notes
Turn   | Place    | Note
-------+----------+-------------------------------------------
     0 | D:1      | PikkenKukken the Spriggan Enchanter began the quest for the Orb.
     0 | D:1      | Reached XP level 1. HP: 9/9 MP: 5/5
   182 | D:1      | Reached skill level 5 in Stealth
   182 | D:1      | Reached XP level 2. HP: 12/13 MP: 2/6
   202 | D:1      | Learned a level 2 spell: Ensorcelled Hibernation
   657 | D:1      | Reached XP level 3. HP: 16/16 MP: 1/8
  1665 | D:2      | Learned a level 3 spell: Confuse
  1720 | D:2      | Found a glowing silver altar of Zin.
  2201 | D:2      | Found a stormy altar of Qazlal.
  2711 | D:3      | Reached skill level 6 in Stealth
  2870 | D:3      | Reached XP level 4. HP: 21/21 MP: 9/9
  3528 | D:3      | Noticed hofbold's ghost (novice MfGl)
  3888 | D:3      | Slain by hofbold's ghost

Skill      XL: |  1  2  3 |
---------------+----------+-----
Stealth        | 5 6 |  6.2
Hexes          | 4 |  4.3
Spellcasting   | 3 |  3.1
Fighting       | |  0.2
Short Blades   | |  1.6
Dodging        | |  3.3
Ice Magic      | |  0.3

Action                   |  1- 3 |  4- 6 || total
-------------------------+-------+-------++-------
Melee: Dagger            |    94 |       ||    94
       Short sword       |     8 |    27 ||    35
 Cast: Corona            |    11 |       ||    11
       Ensorcelled Hiber |    43 |    20 ||    63
       Confuse           |     3 |     3 ||     6
  Use: Scroll            |     7 |       ||     7
       Potion            |     5 |       ||     5
 Stab: Sleeping          |    33 |     8 ||    41
       Confused          |     1 |       ||     1
  Eat: Ration            |     2 |     1 ||     3
Armor: Robe              |     9 |     8 ||    17
Dodge: Dodged            |    74 |    51 ||   125
